 Dungeon Crawl Stone Soup version 0.17-a0-737-gf0a300a (webtiles) character file.

444 Ngotmuk the Skirmisher (level 6, -5/61 HPs)
             Began as a Deep Dwarf Fighter on May 7, 2015.
             Slain by a mummy (6 damage)
             ... in an ossuary.
             The game lasted 00:10:10 (3265 turns).

Ngotmuk the Skirmisher (Deep Dwarf Fighter)         Turns: 3265, Time: 00:10:10

Health: -5/61      AC: 12    Str: 21    XL:     6   Next: 72%
Magic:  6/6        EV:  5    Int: 12    God:
Gold:   221        SH: 10    Dex: 12    Spells: 0 memorised, 5 levels left

rFire  . . .     SeeInvis .     w - +3 mace "Zofaoxup" {flame, Int+3}
rCold  . . .     Clarity  .     p - +0 chain mail (curse)
rNeg   . . .     SustAb   .     c - +0 shield (curse)
rPois  .         Gourm    .     a - +2 helmet
rElec  .         Spirit   .     (no cloak)
rCorr  .         Warding  .     (no gloves)
rMut   .         Stasis   .     (no boots)
MR     .....                    (no amulet)
Stlth  ..........               (no ring)
                                (no ring)

@: non-regenerating, not resistant to hostile enchantments, extremely unstealthy
A: damage resistance, recharge devices, sense surroundings 1, slow healing 3
a: Device Recharging


You were in an ossuary.
You were not hungry.

You visited 2 branches of the dungeon, and saw 6 of its levels.
You also visited: Ossuary.

You collected 221 gold pieces.

Inventory:

Hand weapons
 w - the +3 mace "Zofaoxup" (weapon) {flame, Int+3}
   (You found it on level 4 of the Dungeon)

   It has been specially enchanted to burn those struck by it, causing extra
   injury to most foes and up to half again as much damage against particularly
   susceptible opponents.
   It affects your intelligence (+3).
Missiles
 m - 10 tomahawks (quivered)
Armour
 a - a +2 helmet (worn)
 c - a cursed +0 shield (worn)
 p - a cursed +0 chain mail (worn)
Magical devices
 e - a wand of heal wounds (1)
Scrolls
 b - a scroll of blinking
 g - a scroll of amnesia
 h - 5 scrolls of teleportation
 i - a scroll of remove curse
 j - 2 scrolls of enchant weapon
 n - a scroll of identify
 t - a scroll of recharging
 v - a scroll of immolation {unknown}
 z - a scroll of silence
Potions
 d - a potion of might
 l - 2 potions of brilliance
 o - 3 potions of curing
 r - a potion of haste
 s - 2 potions of ambrosia
 u - a potion of berserk rage
Books
 k - a Grand Grimoire {highlevel, unknown}

   This book is beyond your current level of understanding.

   Spells                             Type                      Level
   a - Aura of Abjuration             Summoning                    6
   b - Summon Greater Demon           Summoning                    7
   c - Malign Gateway                 Summoning/Translocation      7
   d - Summon Horrible Things         Summoning                    8
Comestibles
 f - 3 bread rations
 q - a meat ration
 x - 2 fruits


   Skills:
 * Level 5.0 Fighting
   Level 3.6 Axes
 + Level 4.6 Armour
 + Level 5.0 Shields


You had 5 spell levels left.
You didn't know any spells.

Dungeon Overview and Level Annotations

Branches:
Dungeon (5/15)             Temple (1/1) D:5

Altars:
Cheibriados
Dithmenos
Elyvilon
Makhleb
Nemelex Xobeh
Sif Muna
Trog
Xom
The Shining One

Annotations:
D:5 Prince Ribbit


Innate Abilities, Weirdness & Mutations

You are resistant to damage.
You can recharge devices by infusing magical energy.
You passively map a small area around you.
You do not heal naturally.


Message History

You block the mummy's attack. x2
You completely miss the mummy.
The mummy is almost destroyed.
You block the mummy's attack.
You hit the mummy but do no damage.
The mummy is almost destroyed.
You block the mummy's attack. The mummy hits you.
* * * LOW HITPOINT WARNING * * *
A mummy comes into view.
You barely miss the mummy.
The mummy is almost destroyed.
You block the mummy's attack.
You hit the mummy but do no damage.
The mummy is almost destroyed.
The mummy hits you!
* * * LOW HITPOINT WARNING * * *
The mummy hits you!
* * * LOW HITPOINT WARNING * * *
The mummy hits you!
You die...

, * **
* , , ,
≈
,#####'
+,#..∩#
* , ≈
,#.∩.#
*, ,
#M@M#,
, *
,##M##
* ,
,,.Z.,
* #'#'#
,#. .#
, *##
## *


You could see 3 mummies and a quokka zombie.

Vanquished Creatures
  A centaur (D:5)
  A scorpion (D:4)
  2 crimson imps
  An orc wizard (D:3)
  2 mummies (Ossuary)
  A worker ant zombie (D:5)
  A gnoll (D:1)
  5 adders
  2 oozes
  2 worms
  4 giant geckos
  12 orcs
  5 giant cockroaches
  13 goblins
  11 hobgoblins
  4 jackals (D:2)
  7 kobolds
  A ball python (D:4)
  8 bats
  A giant gecko skeleton (D:4)
  4 giant newts
  3 quokkas (D:2)
  6 rats
97 creatures vanquished.

Notes
Turn   | Place    | Note
--------------------------------------------------------------
     0 | D:1      | Ngotmuk, the Deep Dwarf Fighter, began the quest for the Orb.
     0 | D:1      | Reached XP level 1. HP: 20/20 MP: 1/1
   184 | D:1      | Reached XP level 2. HP: 27/27 MP: 2/2
   532 | D:1      | Reached XP level 3. HP: 21/34 MP: 3/3
   834 | D:2      | Reached skill level 4 in Shields
   865 | D:2      | HP: 1/34 [goblin/stone (4)]
   896 | D:2      | Reached XP level 4. HP: 23/42 MP: 4/4
  1004 | D:2      | Found a shadowy altar of Dithmenos.
  1357 | D:3      | Reached XP level 5. HP: 13/50 MP: 5/5
  2082 | D:4      | HP: 1/50 [scorpion (6)]
  2415 | D:4      | Got a crude mace
  2609 | D:4      | Reached XP level 6. HP: 23/58 MP: 6/6
  2698 | D:5      | Entered Level 5 of the Dungeon
  2769 | D:5      | Noticed Prince Ribbit
  2802 | D:4      | Identified the +3 mace "Zofaoxup" {flame, Int+3} (You found it on level 4 of the Dungeon)
  3114 | D:5      | Found a staircase to the Ecumenical Temple.
  3121 | Temple   | Entered the Ecumenical Temple
  3242 | D:5      | Found a sand-covered staircase.
  3247 | Ossuary  | Entered an ossuary
  3257 | Ossuary  | Reached skill level 5 in Fighting
  3260 | Ossuary  | Reached skill level 5 in Shields
  3265 | Ossuary  | HP: 1/61 [mummy (10)]
  3265 | Ossuary  | Slain by a mummy

Action                   |  1- 3 |  4- 6 || total
-------------------------+-------+-------++-------
Melee: Mace              |   116 |   306 ||   422
       War axe           |     3 |       ||     3
Throw: Tomahawk          |       |     4 ||     4
Evoke: Wand              |     1 |     3 ||     4
  Use: Scroll            |       |    16 ||    16
  Eat: Beef jerky        |       |     1 ||     1
       Meat ration       |       |     2 ||     2
